 Dungeon Crawl Stone Soup version 0.29.1-2-gbd0b4ee654 (webtiles) character file.

Game seed: 9517962795441520746

98 croobank the Caller (level 4, 0/28 HPs)
             Began as an Octopode Summoner on Nov 23, 2022.
             Killed by divine providence
             ... invoked by an orc priest
              (17 damage)
             ... on level 4 of the Dungeon.
             The game lasted 00:10:52 (3746 turns).

croobank the Caller (Octopode Summoner)             Turns: 3746, Time: 00:10:53

Health: 0/28       AC:  1    Str:  7    XL:     4   Next: 69%
Magic:  1/8        EV: 13    Int: 19    God:
Gold:   142        SH:  0    Dex: 12    Spells: 2/8 levels left

rFire   . . .      SeeInvis .   e - +0 dagger
rCold   . . .      Faith    .   (no shield)
rNeg    . . .      Spirit   .   (helmet restricted)
rPois   .          Reflect  .   (no amulet)
rElec   .          Harm     .   (no ring)
rCorr   .          Rampage  .   (no ring)
Will    .....                   (no ring)
Stlth   +++.......              (no ring)
HPRegen 0.09/turn               (no ring)
MPRegen 0.11/turn               (no ring)
                                (no ring)
                                (no ring)

@: no status effects
A: almost no armour, amphibious, 8 rings, camouflage 1, gelatinous body 1,
(nimble swimmer 1), tentacles
a: no special abilities


You were on level 4 of the Dungeon.
You visited 1 branch of the dungeon, and saw 4 of its levels.

You collected 142 gold pieces.

Inventory:

Hand Weapons
 e - a +0 dagger (weapon)
Jewellery
 i - an amulet of reflection
Wands
 r - a wand of roots (3)
Scrolls
 g - a scroll of fog
 m - a scroll of vulnerability
 o - 2 scrolls of blinking
 t - a scroll of summoning {unknown}
 u - 3 scrolls of teleportation {unknown}
Potions
 a - a potion of magic
 d - 5 potions of curing
 f - 2 potions of attraction
 h - 2 potions of mutation
 j - a potion of lignification
 l - a potion of resistance {unknown}
 n - a potion of flight {unknown}
 p - a potion of heal wounds {unknown}


   Skills:
 + Level 1.4 Fighting
 + Level 2.7 Dodging
 + Level 3.8 Stealth
 + Level 2.7 Spellcasting
 + Level 4.4 Summonings


You had 2 spell levels left.
You knew the following spells:

 Your Spells              Type           Power      Damage    Failure   Level
a - Summon Small Mammal   Summ           76%        N/A       2%          1
b - Call Imp              Summ           19%        N/A       3%          2
c - Call Canine Familiar  Summ           19%        N/A       8%          3

Your spell library contained the following spells:

 Spells                   Type           Power      Damage    Failure   Level
 Apportation              Tloc           4%         N/A       16%         1
 Poisonous Vapours        Pois/Air       4%         N/A       24%         2
 Summon Guardian Golem    Hex/Summ       11%        N/A       19%         3
 Summon Lightning Spire   Summ/Air       11%        N/A       54%         4
 Corpse Rot               Necr/Pois/Air  2%         N/A       83%         4
 Alistair's Intoxication  Tmut/Pois      1%         N/A       99%         5


Dungeon Overview and Level Annotations

Branches:
Dungeon (4/15)
 Temple: D:4-7

Altars:


Innate Abilities, Weirdness & Mutations

You cannot wear most types of armour.
You are amphibious.
You can wear up to eight rings at the same time.
Your skin changes colour to match your surroundings (Stealth+).
Your rubbery body absorbs attacks. (AC +1, EV +1)
((You are camouflaged when in or above water. (Stealth+)))
You have tentacles for arms and can constrict up to eight enemies at once.


Message History

You kill the ufetubus!
Your bat barely misses the orc wizard.
Your quokka bites the orc priest.
The orc priest hits your quokka with a +0 short sword.
Your quokka bites the orc priest.
You barely miss the orc. Your grab misses the orc.
Your bat barely misses the orc priest.
Your hound closely misses the orc wizard.
Your quokka bites the orc priest but does no damage.
The orc hits you with a +0 dagger.
The orc priest hits your quokka with a +0 short sword.
Your quokka dies!
Your quokka's corpse disappears in a puff of smoke!
The orc wizard hits your hound with a +0 dagger.
You closely miss the orc. You grab the orc. You constrict the orc.
Your bat hits the orc wizard. The orc closely misses you.
The orc priest closely misses your bat.
Your hound barely misses the orc priest.
The orc wizard mumbles some strange words.
The orc wizard flickers and vanishes!
Deactivating autopickup; reactivate with Ctrl-A.
You hit the orc.
The orc is heavily wounded.
You constrict the orc.
Your bat barely misses the orc priest.
Your hound closely misses the orc priest.
The orc closely misses you.
You hit the orc but do no damage.
The orc is heavily wounded.
You constrict the orc, but do no damage.
Your hound bites something.
Reactivating autopickup.
You feel a bit more experienced. The orc misses you.
You hit the orc but do no damage. Your squeeze misses the orc.
The orc is heavily wounded.
You constrict the orc. Your bat hits the orc.
The orc dies!
Your hound closely misses your bat.
Your hound barely misses itself.
The orc priest mumbles some strange prayers to Beogh against you.
Beogh smites you!
Ouch! That really hurt!
You die...

..........
.........
.........
.........
........#
........#
........##
.......@.#
.......<.#
..........#
.......ob..#
.......h.....
..)##.)........
... #.......###
.. .......##
........#


You could see an orc priest (ally target), a friendly hound (summoned, confused)
and a friendly bat (summoned).

Vanquished Creatures
  An ufetubus (D:4)
  A ball python (D:1)
  An endoplasm (D:3)
  2 giant cockroaches (D:3)
  3 goblins
  A hobgoblin (D:3)
  A quokka (D:1)
  A frilled lizard (D:2)
  A rat (D:3)
12 creatures vanquished.

Vanquished Creatures (collateral kills)
  An orc wizard (D:4)
  An adder (D:2)
  4 dart slugs (D:2)
  An orc (D:4)
  5 ball pythons
  4 endoplasms
  2 giant cockroaches
  A goblin (D:1)
  6 hobgoblins
  4 bats
  2 frilled lizards
  3 kobolds
  3 rats (D:1)
37 creatures vanquished.

Grand Total: 49 creatures vanquished

Notes
Turn   | Place    | Note
-------+----------+-------------------------------------------
     0 | D:1      | croobank the Octopode Summoner began the quest for the Orb.
     0 | D:1      | Reached XP level 1. HP: 11/11 MP: 3/3
   211 | D:1      | Found a faded altar of an unknown god.
   532 | D:1      | Reached XP level 2. HP: 4/17 MP: 1/5
  1436 | D:2      | Learned a level 2 spell: Call Imp
  1465 | D:2      | Reached XP level 3. HP: 22/22 MP: 3/6
  1469 | D:2      | Learned a level 3 spell: Call Canine Familiar
  2320 | D:2      | Reached skill level 1 in Fighting
  2712 | D:3      | Reached XP level 4. HP: 28/28 MP: 3/7
  3746 | D:4      | Killed from afar by an orc priest

Illustrated notes

Levels and vault maps discovered:
D:1:      evilmike_arrival_hilbert_curve, layout_loops_ring,
          nicolae_ecumenical_snake_handling, item_on_display_a
D:2:      layout_loops_corners
D:3:      layout_basic, minmay_cupped
D:4:      layout_layer_cave, overflow_temple_1_default

Skill      XL: |  1  2  3 |
---------------+----------+-----
Stealth        | 3 |  3.8
Fighting       | 1 |  1.4
Dodging        | |  2.7
Spellcasting   | |  2.7
Summonings     | |  4.4

Action                   |  1- 3 |  4- 6 || total
-------------------------+-------+-------++-------
Melee: Unarmed           |    11 |       ||    11
       Constrict         |     6 |     3 ||     9
       Tentacles         |     6 |     3 ||     9
       Dagger            |    10 |    11 ||    21
 Cast: Summon Small Mamm |    31 |     8 ||    39
       Call Imp          |     3 |     1 ||     4
       Call Canine Famil |     8 |     3 ||    11
  Use: Scroll            |       |    11 ||    11
 Stab: Sleeping          |     4 |       ||     4
Armor: Skin              |       |     2 ||     2
Dodge: Dodged            |    16 |    11 ||    27
